Map: Acid Plant LE

Players

ELESTRAGO - Winner!

  • Race: Terran Terran
  • League: Master
  • Spawn Location: 11:00

Maya

  • Race: Zerg Zerg
  • League: Master
  • Spawn Location: 5:00

VOD

Have the link to the VOD?

Description

Time

  • Played on: May 12, 2018, 4:37 a.m.
  • Length: 9:31
Show
View Real Time Build Order
Export as new Build Order

ELESTRAGO Terran - Winner!

Build Orders: Liberator Opening, Reaper Expand, MMM Bio 

Get SALT Encoding   

  12  0:00  SCV  
  13  0:13  SCV  
  14  0:17  Supply Depot  
  14  0:25  SCV  
  14  0:28  Refinery  
  15  0:39  SCV  
  16  0:44  Barracks  
  16  0:51  SCV  
  17  1:03  SCV  
  18  1:16  SCV  
  19  1:32  Orbital Command, Reaper  
  20  1:46  Command Center  
  20  1:58  SCV  
  20  2:00  Factory  
  21  2:06  Barracks Reactor  
  21  2:10  SCV  
  21  2:14  Supply Depot  
  22  2:21  Refinery  
  22  2:22  SCV  
  23  2:35  SCV  
  24  2:47  SCV  
  24  2:48  Starport  
  25  2:55  Hellion x2  
  29  2:59  Orbital Command, SCV  
  30  3:09  Barracks Tech Lab  
  30  3:13  SCV  
  30  3:18  Hellion x2  
  35  3:25  SCV x2  
  37  3:34  Supply Depot  
  37  3:37  Viking  
  37  3:41  SCV  
  40  3:43  SCV  
  43  3:55  SCV x2  
  42  3:58  Supply Depot  
  42  3:59  Liberator  
  43  4:06  Barracks Tech Lab  
  43  4:08  SCV  
  43  4:09  SCV  
  45  4:11  Factory Reactor  
  48  4:20  SCV  
  48  4:21  SCV  
  48  4:23  Command Center  
  50  4:29  Marine  
  50  4:31  Stimpack, Supply Depot  
  51  4:33  SCV x2  
  53  4:45  SCV x2  
  55  4:49  Barracks  
  55  4:52  Barracks  
  55  4:54  Marine  
  55  4:56  Supply Depot  
  52  5:06  SCV  
  52  5:07  SCV  
  50  5:09  Refinery  
  50  5:10  Starport Reactor, Refinery, Engineering Bay x2  
  50  5:18  SCV  
  50  5:19  SCV  
  50  5:20  Siege Tank, Marine  
  56  5:31  SCV x2  
  56  5:35  Barracks  
  58  5:36  Orbital Command, Barracks  
  58  5:38  Marine  
  59  5:43  SCV x2  
  59  5:47  Terran Infantry Weapons Level 1  
  59  5:48  Terran Infantry Armor Level 1  
  61  5:55  SCV x2, Siege Tank  
  63  5:57  Marine  
  63  5:58  Marine x3  
  63  5:59  Marine  
  63  6:00  Orbital Command  
  67  6:12  SCV x2  
  67  6:13  Supply Depot  
  67  6:14  Supply Depot  
  67  6:15  Marine x4  
  67  6:16  Medivac  
  67  6:17  Medivac  
  77  6:22  Marine  
  77  6:24  Barracks Reactor x2  
  77  6:25  SCV  
  79  6:29  SCV  
  79  6:31  SCV  
  81  6:33  Marine x2  
  81  6:34  Bunker  
  81  6:35  Siege Tank, Marine x2  
  81  6:38  SCV  
  89  6:41  SCV  
  89  6:45  Marine  
  91  6:49  SCV  
  91  6:50  SCV  
  91  6:51  Marine x2  
  91  6:52  Combat Shields, Medivac x2  
  91  6:53  Marine  
  100  7:01  SCV, Armory  
  100  7:02  SCV x2  
  100  7:03  Marine x2, Supply Depot  
  100  7:04  Marine x2  
  107  7:08  Supply Depot  
  107  7:12  Supply Depot  
  107  7:13  SCV, Supply Depot  
  108  7:20  SCV  
  109  7:25  SCV, Marine x3  
  109  7:26  Marine x4  
  117  7:30  Siege Tank, Marine x2  
  122  7:38  SCV x2  
  122  7:40  Refinery x2, Factory  
  122  7:43  Marine x2  
  126  7:52  Marine x2  
  126  7:57  SCV  
  126  7:58  SCV  
  130  8:04  Marine x3  
  130  8:05  Siege Tank  
  136  8:06  Marine x4  
  136  8:11  Supply Depot  
  136  8:12  Supply Depot  
  140  8:20  SCV, Unknown  
  140  8:25  SCV  
  140  8:26  SCV  
  132  8:30  Factory Tech Lab  
  132  8:31  Marine x8  
  132  8:32  Marine  
  132  8:33  SCV  
  142  8:37  SCV  
  142  8:38  SCV  
  144  8:43  Siege Tank  
  144  8:45  SCV  
  144  8:46  Command Center  
  148  8:49  SCV, Marine x3  
  148  8:51  SCV, Supply Depot  
  153  8:56  Siege Tank  
  153  8:57  Marine  
  157  9:12  Marine x4  
  157  9:13  SCV x3  
  157  9:14  Supply Depot, Unknown x2  
Show
View Real Time Build Order
Export as new Build Order

Maya Zerg 

Build Orders: Hatch First 

Get SALT Encoding   

  12  0:00  Drone  
  13  0:14  Overlord  
  13  0:18  Drone  
  14  0:32  Drone x2  
  16  0:37  Drone  
  17  0:51  Hatchery  
  17  0:56  Drone  
  17  0:58  Drone  
  18  1:09  Extractor  
  17  1:13  Spawning Pool  
  17  1:16  Drone  
  17  1:19  Drone  
  18  1:29  Drone  
  19  1:39  Overlord  
  19  1:52  Drone  
  20  1:59  Queen  
  22  2:01  Zergling x2  
  22  2:02  Queen  
  22  2:03  Zergling x2  
  26  2:13  Drone  
  27  2:35  Extractor  
  26  2:39  Drone x2  
  26  2:40  Drone  
  31  2:57  Hatchery  
  30  3:00  Pneumatized Carapace  
  30  3:01  Metabolic Boost  
  30  3:02  Drone x2  
  30  3:03  Queen  
  32  3:07  Drone x2  
  34  3:15  Drone x2  
  34  3:17  Overlord  
  34  3:19  Overlord  
  36  3:34  Overlord  
  36  3:38  Drone  
  36  3:39  Drone x4  
  41  3:47  Zergling x2  
  42  3:52  Spore Crawler  
  42  3:53  Spore Crawler  
  40  3:56  Zergling x4  
  40  4:01  Zergling x2  
  40  4:02  Queen  
  43  4:04  Drone x2  
  43  4:06  Drone x2  
  49  4:11  Drone  
  49  4:14  Queen  
  52  4:18  Queen  
  52  4:19  Drone x2  
  52  4:22  Drone  
  57  4:26  Extractor  
  57  4:27  Drone x2  
  57  4:30  Overlord x2  
  58  4:35  Overlord x2  
  58  4:48  Overlord  
  58  4:50  Drone, Lair  
  58  4:51  Drone x3  
  62  4:57  Baneling Nest  
  59  5:02  Zergling x10  
  59  5:03  Drone  
  63  5:17  Drone x3  
  63  5:18  Evolution Chamber  
  63  5:21  Evolution Chamber  
  64  5:24  Drone  
  64  5:25  Drone x4  
  69  5:29  Drone, Spore Crawler  
  69  5:33  Drone x4  
  73  5:46  Zerg Ground Armor Level 1  
  73  5:47  Zerg Melee Weapons Level 1  
  72  5:56  Drone x6  
  79  5:57  Drone  
  79  6:01  Extractor  
  79  6:02  Hydralisk Den  
  79  6:04  Extractor  
  76  6:06  Drone x5, Queen  
  76  6:07  Extractor  
  76  6:11  Overlord x2  
  82  6:15  Overlord  
  82  6:28  Overlord x4  
  82  6:30  Overseer  
  82  6:31  Hatchery  
  81  6:33  Grooved Spines  
  81  6:34  Overseer  
  81  6:36  Zergling x10  
  86  6:42  Drone x2  
  88  6:52  Zergling x6  
  91  7:03  Hydralisk x3  
  91  7:05  Drone  
  98  7:12  Extractor  
  97  7:17  Hatchery  
  96  7:25  Baneling x5  
  96  7:26  Baneling  
  96  7:29  Hydralisk x2  
  100  7:35  Zergling x20  
  109  7:37  Baneling x4  
  109  7:39  Overlord  
  109  7:40  Overlord x2  
  109  7:43  Hatchery  
  106  7:46  Muscular Augments  
  106  7:47  Zergling x4  
  108  7:51  Overlord  
  108  7:52  Overlord x3  
  108  7:53  Overlord  
  108  7:57  Baneling  
  108  7:58  Baneling x7  
  108  8:04  Baneling x3  
  108  8:11  Zergling x14  
  113  8:26  Drone x4  
  113  8:27  Drone x2  
  107  8:41  Hatchery  
  107  8:46  Infestation Pit  
  107  8:47  Drone  
  107  8:48  Drone x4, Hydralisk, Overlord x3  
  110  8:49  Spine Crawler x2  
  110  8:51  Zergling x8  
  114  9:05  Zergling x12  
Tags
 
Add a new tag
Caveats
  • Supply blocks, unpowered buildings, or Contaminate may cause inaccurate times.
  • Supply counts are checked every 10 seconds.